 Dungeon Crawl Stone Soup version 0.30-a0-715-gdb4ae3ece1 (webtiles) character file.

Game seed: 9992688195829263942

54525 Newt the Covert (level 14, -7/105 HPs)
             Began as a Demonspawn Gladiator on Jan 23, 2023.
             Was the Champion of Dithmenos.
             Mangled by an orc warlord
             ... wielding a +0 battleaxe
              (32 damage)
             ... on level 1 of the Orcish Mines.
             The game lasted 00:30:06 (21863 turns).

Newt the Covert (Demonspawn Gladiator)             Turns: 21863, Time: 00:30:07

Health: -7/105     AC: 15    Str: 16    XL:     14   Next: 34%
Magic:  23/23      EV: 19    Int: 11    God:    Dithmenos [******]
Gold:   2104       SH:  5    Dex: 24    Spells: 22/25 levels left

rFire   + + +      SeeInvis +    f - +10 dagger of Fyseopna {flame, rCorr}
rCold   x . .      Faith    .    (no shield)
rNeg    . . .      Spirit   .    M - +5 robe of Moral Flaws {Int+4 Dex+3 Stlth+}
rPois   .          Reflect  +    (helmet unavailable)
rElec   +          Harm     .    (no cloak)
rCorr   +          Rampage  .    x - +1 pair of gloves of Emmuleli {rElec rF++ Int-3 Dex+3}
Will    +....      Rage     3%   j - +1 pair of boots Stlth **++++++++
                                 p - amulet of reflection
HPRegen 0.37/turn                Z - ring of Incredulity {Wiz Fly rF+}
MPRegen 0.18/turn                I - ring of fire

@: flying, wreathed by umbra, unable to drink
A: antennae 3, thin metallic scales 2, powered by pain 2, condensation shield,
berserk 1, inability to drink after injury 1
a: Renounce Religion, Shadow Step, Shadow Form


You were on level 1 of the Orcish Mines.
You worshipped Dithmenos.
Dithmenos was exalted by your worship.
You visited 4 branches of the dungeon, and saw 20 of its levels.

You collected 2249 gold pieces.
You spent 145 gold pieces at shops.

Inventory:

Hand Weapons
 f - the +10 dagger of Fyseopna (weapon) {flame, rCorr}
   (You found it on level 2 of the Dungeon)

   rCorr:     It protects you from acid and corrosion.
 u - the +11 trident "Xeqicwesi" {heavy, rF+++ Will- Int+4 Dex+3}
   (You found it on level 4 of the Lair of Beasts)

   Int:       It affects your intelligence (+4).
   Dex:       It affects your dexterity (+3).
   rF:        It renders you almost immune to fire.
   Will:      It decreases your willpower.
 v - a +4 quick blade of draining
 Q - the +7 mace of Variability {chaos, chain chaos}
   (You found it on level 9 of the Dungeon)
Missiles
 d - a throwing net
 l - 30 poisoned darts
Armour
 j - a +1 pair of boots (worn)
 k - a +0 pair of gloves
 x - the +1 pair of gloves of Emmuleli (worn) {rElec rF++ Int-3 Dex+3}
   (You acquired it on level 5 of the Lair of Beasts)

   Int:       It affects your intelligence (-3).
   Dex:       It affects your dexterity (+3).
   rF:        It greatly protects you from fire.
   rElec:     It insulates you from electricity.
 M - the +5 robe of Moral Flaws (worn) {Int+4 Dex+3 Stlth+}
   (You found it on level 9 of the Dungeon)

   Int:       It affects your intelligence (+4).
   Dex:       It affects your dexterity (+3).
   Stlth:     It makes you more stealthy.
 O - the +5 scale mail of Indomitability {rC+ Regen+ Str+3 Int+3}
   (You found it on level 9 of the Dungeon)

   Str:       It affects your strength (+3).
   Int:       It affects your intelligence (+3).
   rC:        It protects you from cold.
   Regen:     It increases your rate of health regeneration.
 V - a +0 troll leather armour
 Y - the +1 ring mail of Daisies {Regen+ Slay+2}
   (You found it on level 1 of the Lair of Beasts)

   Slay:      It affects your accuracy & damage with ranged weapons and melee
   (+2).
   Regen:     It increases your rate of health regeneration.
Jewellery
 a - a +6 ring of intelligence
 c - an amulet of regeneration
 p - an amulet of reflection (around neck)
 A - the ring "Xaff" {rPois rC- Int+6 Dex+4}
   (You acquired it on level 6 of the Dungeon)

   [ring of intelligence]

   Int:       It affects your intelligence (+6).
   Dex:       It affects your dexterity (+4).
   rC:        It makes you vulnerable to cold.
   rPois:     It protects you from poison.
 I - a ring of fire (right hand)
 P - a ring of ice
 X - a ring of protection from fire
 Z - the ring of Incredulity (left hand) {Wiz Fly rF+}
   (You found it on level 1 of the Lair of Beasts)

   [ring of wizardry]

   It improves your spell success rate.
   rF:        It protects you from fire.
   Fly:       It grants you flight.
Wands
 b - a wand of quicksilver (4)
 g - a wand of mindburst (3)
 s - a wand of digging (13)
 G - a wand of iceblast (17)
 H - a wand of flame (33)
 W - a wand of polymorph (9)
Scrolls
 h - 7 scrolls of identify
 m - 4 scrolls of teleportation
 F - 2 scrolls of enchant armour
 J - 2 scrolls of brand weapon
 K - 3 scrolls of magic mapping
 R - a scroll of blinking
 U - a scroll of amnesia
Potions
 e - a potion of ambrosia {unknown}
 i - 2 potions of curing
 n - 3 potions of haste
 o - 5 potions of brilliance
 q - a potion of cancellation
 r - a potion of heal wounds
 t - 2 potions of lignification
 z - 2 potions of berserk rage
 C - 5 potions of flight
 E - a potion of might
 T - 3 potions of invisibility
Miscellaneous
 S - a piece from Xom's chessboard (15/15)


   Skills:
 - Level 8.0 Fighting
 - Level 10.0 Short Blades
 - Level 1.7 Throwing
 - Level 6.0 Armour
 - Level 8.0 Dodging
 - Level 13.0 Stealth
 - Level 6.0 Spellcasting
 + Level 6.7 Hexes
 + Level 6.1 Fire Magic
 - Level 8.0 Invocations
 - Level 7.0 Evocations


You had 22 spell levels left.
You knew the following spells:

 Your Spells              Type           Power      Damage    Failure   Level
a - Inner Flame           Hex/Fire       26%        N/A       1%          3

Your spell library contained the following spells:

 Spells                   Type           Power      Damage    Failure   Level
 Cause Fear               Hex            9%         N/A       4%          4
 Summon Guardian Golem    Hex/Summ       10%        N/A       6%          3
 Apportation              Tloc           6%         N/A       8%          1
 Magic Dart               Conj           12%        1d3       8%          1
 Necrotise                Necr           12%        1d4       8%          1
 Summon Small Mammal      Summ           12%        N/A       8%          1
 Kindle Blastsparks       Fire/Tloc/Air  22%        2d11      11%         3
 Call Imp                 Summ           3%         N/A       12%         2
 Cigotuvi's Dreadful Rot  Necr/Pois/Air  6%         N/A       12%         2
 Poisonous Vapours        Pois/Air       6%         N/A       12%         2
 Fulminant Prism          Conj/Hex       5%         3d7       19%         4
 Mephitic Cloud           Conj/Pois/Air  3%         N/A       22%         3
 Iskenderun's Mystic Bla  Conj/Tloc      3%         2d3       56%         4
 Lee's Rapid Deconstruct  Erth           1%         3d4*      88%         5
 Orb of Destruction       Conj           1%         9d5       100%        7
 Spellforged Servitor     Conj/Summ      1%         N/A       100%        7
 Discord                  Hex            9%         N/A       100%        8


Dungeon Overview and Level Annotations

Branches:
Dungeon (12/15)            Temple (1/1) D:6            Lair (5/5) D:11
  Swamp (0/4) Lair:3       Spider (0/4) Lair:3        Slime (0/5) Lair:5
    Orc (2/2) D:9
    Elf: Orc:2

Altars:
Ashenzari
Cheibriados
Dithmenos
Fedhas
Gozag
Hepliaklqana
Kikubaaqudgha
Makhleb
Nemelex Xobeh
Okawaru
Qazlal
Ru
Sif Muna
Trog
Uskayaw
Vehumet
Wu Jian
Xom
Yredelemnul
Jiyva

Shops:
D:1 *   D:8 ?

Portals:
Trove: D:10 (give +6 demon trident)

Annotations:
D:7 3 runed translucent doors, testman's ghost, novice DsNe
D:11 2 transporters


Innate Abilities, Weirdness & Mutations

You have a pair of large antennae on your head. (SInv)
You are mostly covered in thin metallic scales. (AC +3)
You sometimes gain power by taking damage.
A meltable shield of frost defends you. (SH +0)
You sometimes lose your temper in combat.
You occasionally lose the ability to drink potions when taking damage.


Message History

The orc warlord hits you with a +0 battleaxe!!
You hit the orc warlord but do no damage.
The orc warlord is heavily wounded.
The two-headed ogre hits you with a +0 giant spiked club!
The two-headed ogre hits you but does no damage.
You hit the orc warlord but do no damage.
The orc warlord is heavily wounded.
The orc warlord is engulfed in blazing flames.
Flame seeps out of the orc warlord.
The orc warlord hits you with a +0 battleaxe!!
You feel threatened and lose the ability to drink potions!
* * * LOW HITPOINT WARNING * * *
You focus on the pain.
You feel your power returning.
Read: scroll of fear
Press: ? - help, Dir - look around, f - activate Look: an orc warlord, wielding a +0 battleaxe and wearing a +3 chain mail of fire resistance (flame, heavily wounded, inner flame, strong, umbra, chance to affect: 79%)
As you read the scroll of fear, it crumbles to dust.
You assume a fearsome visage.
The orc warlord looks frightened!
The two-headed ogre looks frightened!
The orc warlord is engulfed in blazing flames.
Flame seeps out of the orc warlord.
Aiming: Mindburst
Press: ? - help, Shift-Dir - straight line, f/p - orc warlord
Aim: an orc warlord, wielding a +0 battleaxe and wearing a +3 chain mail of fire resistance (heavily wounded, inner flame, strong, fleeing, umbra, chance to affect: 56%)
Your attack snaps the orc warlord out of its fear.
The orc warlord's mind is blasted!
Flame seeps out of the orc warlord.
Aiming: Iceblast
Press: ? - help, Shift-Dir - straight line, f/p - orc warlord
Aim: an orc warlord, wielding a +0 battleaxe and wearing a +3 chain mail of fire resistance (flame, heavily wounded, inner flame, strong, umbra)
Okay, then.
Unknown command.
Aiming: Mindburst
Press: ? - help, Shift-Dir - straight line, f/p - orc warlord
Aim: an orc warlord, wielding a +0 battleaxe and wearing a +3 chain mail of fire resistance (flame, heavily wounded, inner flame, strong, umbra, chance to affect: 56%)
The orc warlord's mind is blasted!!
Flame seeps out of the orc warlord.
The orc warlord is engulfed in blazing flames.
Flame seeps out of the orc warlord.
The orc warlord hits you with a +0 battleaxe!!
You die...

#.....................
##.................#..
##....[....#.......##
##.........##...#.###
##...........#..##.##
##..§............[...#
##..§§§§§.§.....[..).##
#...§§§§§.......)[)[..##
##..§§§@§§.............#
#...§§§☼o§.....#........
##..§§§○.○..............
#...{§§......#......#...
##......................
#.......................
##....#.......#...###.##
#...#.........#####.##
##...#.........##....#


You could see an orc warlord (inner flame, strong).

Vanquished Creatures
  Josephine (D:10)
  4 hydras
  A catoblepas (Lair:5)
  A boulder beetle (Lair:4)
  7 death yaks
  5 two-headed ogres
  Sonja (Lair:1)
  4 orc knights (Orc:1)
  3 lindwurms
  4 cyclopes (D:12)
  2 orc sorcerers (Orc:1)
  2 manticores
  3 elephants (Lair:5)
  Maggie (D:10)
  A torpor snail (Lair:5)
  A black mamba (Lair:2)
  12 cane toads
  2 rime drakes
  2 unseen horrors (D:10)
  2 guardian mummies (D:10)
  6 komodo dragons
  5 trolls
  2 tyrant leeches (Lair:3)
  11 polar bears
  A raiju (Lair:5)
  3 hornets
  5 blink frogs (Lair:1)
  4 shadows
  A vampire (D:11)
  49 yaks
  5 wraiths (D:10)
  3 wyverns
  4 basilisks
  2 chaos spawn (D:9)
  A steam dragon (D:9)
  5 wargs
  Menkaure (D:7)
  A swamp worm (Lair:3)
  16 hell hounds (Lair:5)
  16 water moccasins
  A sky beast (D:6)
  2 ice beasts (D:7)
  16 black bears
  13 orc warriors
  5 ogres
  8 centaurs
  17 wolves
  13 bullfrogs
  2 kobold brigands
  A necrophage (D:6)
  A wyvern zombie (D:6)
  2 gnoll sergeants (D:8)
  5 scorpions
  11 wights
  3 killer bees (D:11)
  2 electric eels (Lair:4)
  A human zombie (D:6)
  4 crimson imps (D:3)
  2 bullfrog zombies (D:6)
  A gnoll bouda (D:7)
  5 jellies
  3 hounds
  8 orc priests
  4 iguanas
  9 orc wizards
  A killer bee zombie (D:6)
  5 mummies (D:6)
  13 gnolls
  5 adders
  2 shadow imps (D:8)
  A white imp (D:6)
  2 ufetubi (D:6)
  A worm (D:5)
  2 dart slugs (D:2)
  43 orcs
  7 ball pythons
  6 bats
  4 endoplasms
  6 giant cockroaches
  2 goblins
  8 hobgoblins
  2 jackals (D:3)
  16 kobolds
  4 quokkas
  3 frilled lizards
  4 rats
476 creatures vanquished.

Vanquished Creatures (others)
  An orc (Orc:1)
  A bush (Lair:4)
  19 fungi
  78 plants
99 creatures vanquished.

Grand Total: 575 creatures vanquished

Notes
Turn   | Place    | Note
-------+----------+-------------------------------------------
     0 | D:1      | Newt the Demonspawn Gladiator began the quest for the Orb.
     0 | D:1      | Reached XP level 1. HP: 16/16 MP: 1/1
   281 | D:1      | Reached skill level 1 in Stealth
   297 | D:1      | Gained mutation: You are partially covered in thin metallic
                  | scales. (AC +2) [demonic ancestry]
   297 | D:1      | Reached XP level 2. HP: 22/22 MP: 2/2
   348 | D:1      | Found Doyhi's Assorted Antiques.
   356 | D:1      | Bought a scroll labelled DEOPTI YSSONA for 29 gold pieces
   455 | D:1      | Reached skill level 2 in Stealth
   487 | D:1      | Found a faded altar of an unknown god.
   919 | D:2      | Identified the +10 dagger of Fyseopna {flame, rCorr}
  1066 | D:2      | Gained mutation: You are mostly covered in thin metallic
                  | scales. (AC +3) [demonic ancestry]
  1066 | D:2      | Reached XP level 3. HP: 24/28 MP: 3/3
  1631 | D:3      | Reached XP level 4. HP: 37/37 MP: 4/4
  1671 | D:3      | Found a shimmering altar of Xom.
  1691 | D:3      | Gained mutation: You have a pair of small antennae on your
                  | head. [demonic ancestry]
  1691 | D:3      | Reached XP level 5. HP: 35/42 MP: 5/5
  2253 | D:4      | Found a shimmering blue altar of Sif Muna.
  2312 | D:4      | Reached XP level 6. HP: 48/48 MP: 6/6
  2516 | D:4      | Reached skill level 5 in Short Blades
  3199 | D:1      | Bought a scroll of identify for 58 gold pieces
  3199 | D:1      | Bought a scroll of identify for 58 gold pieces
  3350 | D:5      | Entered Level 5 of the Dungeon
  3370 | D:5      | Gained mutation: You sometimes gain a little power by
                  | taking damage. [demonic ancestry]
  3370 | D:5      | Reached XP level 7. HP: 48/54 MP: 7/7
  3601 | D:5      | Found a stormy altar of Qazlal.
  3948 | D:5      | Reached skill level 5 in Dodging
  4474 | D:6      | Noticed a shadow
  4561 | D:6      | Identified a scroll of acquirement
  4561 | D:6      | Acquired the ring "Xaff" {rPois rC- Int+6 Dex+4}
  4605 | D:6      | Gained mutation: You sometimes gain power by taking damage.
                  | [demonic ancestry]
  4605 | D:6      | Reached XP level 8. HP: 61/61 MP: 8/8
  4675 | D:6      | Reached skill level 5 in Fighting
  4742 | D:6      | Found a staircase to the Ecumenical Temple.
  4941 | Temple   | Entered the Ecumenical Temple
  5011 | Temple   | Became a worshipper of Dithmenos the Shadowed
  5087 | D:6      | Found a basalt altar of Yredelemnul.
  5484 | D:7      | Found a runed translucent gate.
  5490 | D:7      | Found a runed translucent gate.
  5490 | D:7      | Found an opulent altar of Gozag.
  5490 | D:7      | Found a runed translucent gate.
  5490 | D:7      | Noticed a two-headed ogre
  5491 | D:7      | Noticed a cyclops
  5491 | D:7      | Noticed testman's ghost (novice DsNe)
  5518 | D:7      | Reached skill level 3 in Stealth
  5518 | D:7      | Reached XP level 9. HP: 74/74 MP: 9/9
  5547 | D:7      | Reached skill level 4 in Stealth
  5561 | D:7      | Reached * piety under Dithmenos
  5817 | D:7      | Reached skill level 5 in Stealth
  5845 | D:7      | Noticed Menkaure
  5847 | D:7      | Killed Menkaure
  6029 | D:7      | Reached skill level 6 in Stealth
  6667 | D:8      | Reached skill level 7 in Stealth
  6865 | D:8      | Found a sparkling altar of Nemelex Xobeh.
  7025 | D:8      | Reached skill level 8 in Stealth
  7273 | D:8      | Reached ** piety under Dithmenos
  7487 | D:8      | Found Mohuj's Magic Scroll Shop.
  8085 | D:9      | Reached skill level 9 in Stealth
  8085 | D:9      | Gained mutation: You have a pair of antennae on your head.
                  | [demonic ancestry]
  8085 | D:9      | Reached XP level 10. HP: 80/80 MP: 10/10
  8116 | D:9      | Reached skill level 1 in Armour
  8233 | D:9      | Identified the +5 robe of Moral Flaws {Int+4 Dex+3 Stlth+}
  8252 | D:9      | Noticed a two-headed ogre
  8259 | D:9      | Killed a two-headed ogre
  8297 | D:9      | Found a staircase to the Orcish Mines.
  8342 | D:9      | Reached skill level 5 in Armour
  8491 | D:9      | Identified the +5 scale mail of Indomitability {rC+ Regen+
                  | Str+3 Int+3}
  8528 | D:9      | Found the +7 mace of Variability {chaos, chain chaos}
  8529 | D:9      | Noticed a two-headed ogre
  8530 | D:9      | Found a shimmering altar of Xom.
  8543 | D:9      | Killed a two-headed ogre
  8544 | D:9      | Reached skill level 10 in Stealth
  8752 | D:10     | Entered Level 10 of the Dungeon
  8767 | D:10     | Noticed Maggie
  8767 | D:10     | Noticed Josephine
  8787 | D:10     | Reached XP level 11. HP: 86/86 MP: 11/11
  8796 | D:10     | Killed Maggie
  8797 | D:10     | Reached skill level 11 in Stealth
  8797 | D:10     | Killed Josephine
  8942 | D:10     | Reached skill level 12 in Stealth
  9230 | D:10     | Reached *** piety under Dithmenos
  9345 | D:10     | Found an ornate altar of the Wu Jian Council.
  9361 | D:10     | Found a radiant altar of Vehumet.
  9444 | D:10     | Found a portal to a secret trove of treasure.
 10020 | D:11     | Reached skill level 13 in Stealth
 10020 | D:11     | Reached skill level 1 in Evocations
 10144 | D:11     | Found a transporter.
 10146 | D:11     | Found a transporter.
 10269 | D:11     | Found a staircase to the Lair.
 10408 | D:11     | Gained mutation: Armour fits poorly on your strangely
                  | shaped body. [potion of mutation]
 10408 | D:11     | Gained mutation: You occasionally lose the ability to read
                  | scrolls when taking damage. [potion of mutation]
 10408 | D:11     | Gained mutation: You are frail. (-10% HP) [potion of
                  | mutation]
 10408 | D:11     | Gained mutation: You passively map a small area around you.
                  | [potion of mutation]
 10409 | D:11     | Lost mutation: You are frail. (-10% HP) [potion of
                  | mutation]
 10409 | D:11     | Lost mutation: You passively map a small area around you.
                  | [potion of mutation]
 10409 | D:11     | Gained mutation: You possess an exceptional clarity of
                  | mind. [potion of mutation]
 10410 | D:11     | Lost mutation: You possess an exceptional clarity of mind.
                  | [potion of mutation]
 10410 | D:11     | Lost mutation: Armour fits poorly on your strangely shaped
                  | body. [potion of mutation]
 10410 | D:11     | Lost mutation: You occasionally lose the ability to read
                  | scrolls when taking damage. [potion of mutation]
 10410 | D:11     | Gained mutation: You sometimes lose your temper in combat.
                  | [potion of mutation]
 10410 | D:11     | Gained mutation: You occasionally lose the ability to drink
                  | potions when taking damage. [potion of mutation]
 10577 | D:11     | Noticed a cyan ugly thing
 10730 | D:12     | Noticed a two-headed ogre
 10733 | D:12     | Killed a two-headed ogre
 10741 | D:12     | Reached skill level 5 in Evocations
 11426 | D:12     | Gained mutation: You have a pair of large antennae on your
                  | head. (SInv) [demonic ancestry]
 11426 | D:12     | Reached XP level 12. HP: 92/92 MP: 12/12
 11486 | D:12     | Reached skill level 1 in Invocations
 11553 | Lair:1   | Entered Level 1 of the Lair of Beasts
 11582 | Lair:1   | Identified the +1 ring mail of Daisies {Regen+ Slay+2}
 11689 | Lair:1   | Reached skill level 5 in Invocations
 12363 | Lair:1   | Identified the ring of Incredulity {Wiz Fly rF+}
 12525 | Lair:1   | You are sucked into a shaft and drop 1 floor!
 12540 | Lair:2   | Reached skill level 1 in Spellcasting
 12591 | Lair:2   | Reached **** piety under Dithmenos
 13637 | Lair:2   | Reached skill level 5 in Spellcasting
 13642 | Lair:2   | Noticed a six-headed hydra
 13645 | Lair:2   | Killed a six-headed hydra
 14159 | Lair:2   | Noticed a six-headed hydra
 14164 | Lair:2   | Killed a six-headed hydra
 14507 | Lair:3   | Gained mutation: A meltable shield of frost defends you.
                  | (SH +0) [demonic ancestry]
 14507 | Lair:3   | Reached XP level 13. HP: 98/98 MP: 22/22
 14560 | Lair:3   | Found a hole to the Spider Nest.
 15001 | Lair:3   | Found a staircase to the Swamp.
 16540 | Lair:4   | Reached skill level 10 in Short Blades
 16878 | Lair:4   | Identified the +11 trident "Xeqicwesi" {heavy, rF+++ Will-
                  | Int+4 Dex+3}
 17291 | Lair:5   | Entered Level 5 of the Lair of Beasts
 17322 | Lair:5   | Acquired the +1 pair of gloves of Emmuleli {rElec rF++
                  | Int-3 Dex+3}
 17324 | Lair:5   | Acquired a +4 quick blade of draining
 17340 | Lair:5   | Learned a level 3 spell: Inner Flame
 17734 | Lair:5   | Reached ***** piety under Dithmenos
 18115 | Lair:5   | Reached skill level 1 in Hexes
 18115 | Lair:5   | Reached skill level 1 in Fire Magic
 19148 | Lair:5   | Reached XP level 14. HP: 24/105 MP: 19/23
 19427 | Lair:5   | Reached skill level 5 in Hexes
 19849 | Lair:5   | Reached skill level 5 in Fire Magic
 19891 | Lair:5   | Found a viscous altar of Jiyva.
 19891 | Lair:5   | Found a staircase to the Slime Pits.
 20146 | Lair:1   | Noticed Sonja
 20158 | Lair:1   | Killed Sonja
 20249 | Orc:1    | Entered Level 1 of the Orcish Mines
 20310 | Orc:1    | Paralysed by an orc sorcerer for 5 turns
 20327 | Orc:1    | HP: 5/102 [orc priest/divine providence (14)]
 20916 | Orc:1    | Reached ****** piety under Dithmenos
 21350 | Orc:2    | Entered Level 2 of the Orcish Mines
 21396 | Orc:2    | Noticed an orc warlord
 21863 | Orc:1    | Mangled by an orc warlord

Illustrated notes

Levels and vault maps discovered:
D:1:      minmay_arrival_jagged, layout_basic,
          shapermc_ecumenical_altar_pompeii, serial_rivers,
          chequers_serial_rivers_large_b, chequers_serial_rivers_micro_b,
          chequers_serial_rivers_micro_c, chequers_serial_rivers_small_3,
          serial_shops, shop
D:2:      layout_basic, dk_vineyard_2, chequers_serial_rivers_micro_a
D:3:      layout_loops_ring, led_xom_imps, nicolae_tso_carved_into_rock,
          corexii_item_surrounded_by_moat, minmay_box_of_dots
D:4:      layout_basic, mainiacjoe_overflow_cross_hatched
D:5:      layout_cave_pods, amcnicky_altar_gilded
D:6:      layout_cave_pools, lemuel_mausoleum_altar_yredelemnul, temple_doors_ab
D:7:      layout_loops_corners, ebering_ghost_gozag, uniq_menkaure
D:8:      layout_loops_corners, nemelex_spade_bored_becter, serial_shops,
          nicolae_shop_behind_doors
D:9:      layout_rooms, orc_0_dummy, st_stairs_5,
          minmay_guarded_unrand_variability
D:10:     layout_rooms, mainiacjoe_overflow_swirl,
          nicolae_trove_entry_path_of_doom, uniq_maggie, uniq_josephine
D:11:     gammafunk_corrupted_shrine, layout_long_grid, lair_entry_dummy
D:12:     layout_loops_ring
Temple:   eino_temple_lava
Lair:1:   layout_roguey, lemuel_fruit_fields, serial_bayou_shore_b, uniq_sonja
Lair:2:   cheibrodos_lair_overgrown_chateau, layout_big_grid
Lair:3:   layout_small_grid, minmay_swamp_entry_worms, dummy_spider_entry
Lair:4:   layout_cellular_growth, lemuel_fruit_fields,
          infiniplex_staircase_pool, serial_bayou_shore_b
Lair:5:   hangedman_lair_caniforms_friends, layout_regular_city,
          dpeg_slime_entry_enclosed, chequers_serial_rivers_micro_e,
          grunt_forest_stairs_basic, grunt_megastairs_4
Orc:1:    layout_caves, serial_shops, nicolae_square_shop, uniq_urug,
          uniq_maurice
Orc:2:    grunt_orc_gardens, layout_caves, grunt_orc_garden, grunt_orc_garden,
          grunt_orc_garden, grunt_orc_garden, serial_shops, shop

Skill      XL: |  1  2  3  4  5  6  7  8  9 10 11 12 13 14 |
---------------+-------------------------------------------+-----
Stealth        | 1 2 3 9 10 13 | 13.0
Fighting       | 3 4 8 |  8.0
Short Blades   | 3 4 6 7 10 | 10.0
Dodging        | 3 6 8 |  8.0
Armour         | 6 |  6.0
Evocations     | 6 7 |  7.0
Invocations    | 8 |  8.0
Spellcasting   | 6 |  6.0
Hexes          | 4 6 |  6.7
Fire Magic     | 4 6 |  6.1
Throwing       | |  1.7

Action                     |  1- 3 |  4- 6 |  7- 9 | 10-12 | 13-15 || total
---------------------------+-------+-------+-------+-------+-------++-------
  Melee: Rapier            |    50 |       |       |       |       ||    50
         Punch             |     1 |       |     3 |     8 |    14 ||    26
         Dagger            |    44 |    88 |   337 |   567 |   665 ||  1701
  Throw: Dart              |       |     4 |       |     8 |       ||    12
         Throwing net      |       |       |     2 |     1 |     1 ||     4
         Javelin           |       |       |     1 |     2 |       ||     3
   Cast: Inner Flame       |       |       |       |       |    42 ||    42
 Invoke: Shadow Step       |       |       |       |     1 |       ||     1
  Evoke: Wand              |       |       |       |     3 |     2 ||     5
    Use: Scroll            |     4 |     3 |    11 |     8 |     7 ||    33
         Potion            |     1 |       |       |     6 |     2 ||     9
   Stab: Sleeping          |     4 |     2 |    10 |    41 |    20 ||    77
         Distracted        |       |       |     1 |     2 |     5 ||     8
         Held in net/web   |       |       |       |     1 |       ||     1
         Fleeing           |       |       |       |       |     1 ||     1
 Armour: Leather armour    |    20 |    17 |    41 |     1 |       ||    79
         Robe              |       |       |       |    84 |   120 ||   204
  Dodge: Dodged            |    58 |    28 |   275 |   360 |   519 ||  1240
  Block: Other             |     1 |    15 |    74 |    98 |   166 ||   354
         Reflection        |       |       |       |       |     3 ||     3

Table legend: (Time is in decaauts)
 A = Elapsed time spent in this place.
 B = Non-inter-level travel time spent in this place.
 C = Inter-level travel time spent in this place.
 D = Time resting spent in this place.
 E = Time spent auto-exploring this place.
 F = Levels seen in this place.
 G = Mean time per level.
                   A        B        C        D        E       F      G
               +--------+--------+--------+--------+--------+-----+--------+
         Total |  21532 |  20088 |   1444 |   5426 |  11340 |  20 | 1076.6 |
       Dungeon |  11937 |  10781 |   1156 |   1658 |   7411 |  12 |  994.8 |
        Temple |     79 |     58 |     21 |      0 |     50 |   1 |   79.0 |
          Lair |   8495 |   8241 |    254 |   3217 |   3627 |   5 | 1699.0 |
  Orcish Mines |   1019 |   1008 |     11 |    551 |    251 |   2 |  509.5 |
               +--------+--------+--------+--------+--------+-----+--------+

Top non-repeatable levels by time:
  Lair:5: 2221 daAuts
  Lair:4: 1970 daAuts
  Lair:2: 1822 daAuts
  Lair:3: 1485 daAuts
     D:7: 1444 daAuts
     D:4: 1311 daAuts
     D:9: 1226 daAuts
     D:8: 1125 daAuts
    D:10: 1111 daAuts
  Lair:1: 995 daAuts
   Orc:1: 971 daAuts
     D:1: 951 daAuts
     D:5: 948 daAuts
    D:11: 891 daAuts
     D:3: 814 daAuts
